 Dungeon Crawl Stone Soup version 0.26.1-11-gd32895ea62 (webtiles) character file.

Game seed: 2713507064695618831

420 Almogavar the Digger (level 6, 0/34 HPs)
             Began as a Gargoyle Earth Elementalist on May 16, 2021.
             Killed from afar by an orc wizard (7 damage)
             ... with a puff of frost
             ... on level 3 of the Dungeon.
             The game lasted 00:15:17 (3794 turns).

Almogavar the Digger (Gargoyle Earth Elementalist)  Turns: 3794, Time: 00:15:18

Health: 0/34       AC: 10    Str: 13    XL:     6   Next: 94%
Magic:  8/11       EV: 12    Int: 16    God:
Gold:   56         SH:  0    Dex: 10    Spells: 8/12 levels left

rFire    . . .     SeeInvis .   p - +0 mace
rCold    . . .     Faith    .   (no shield)
rNeg     + + .     Spirit   .   b - +2 robe {rN+}
rPois    ∞         Reflect  .   d - +2 hat
rElec    +         Harm     .   (no cloak)
rCorr    .         Rampage  .   (no gloves)
Will     .....                  (no boots)
Stlth    ++........             (no amulet)
HPRegen  0.11/turn              (no ring)
MPRegen  0.12/turn              (no ring)

@: no status effects
A: negative energy resistance 1, electricity resistance, unbreathing,
petrification resistance, miasma immunity, AC +4
a: no special abilities


You were on level 3 of the Dungeon.
You visited 1 branch of the dungeon, and saw 3 of its levels.

You collected 56 gold pieces.

Inventory:

Hand Weapons
 p - a +0 mace (weapon)
Missiles
 l - a stone
Armour
 b - a +2 robe of positive energy (worn)
 c - a +0 robe
 d - a +2 hat (worn)
 g - a +0 scale mail
 s - a +0 ring mail
Jewellery
 q - an uncursed ring of protection from fire
Wands
 a - a wand of random effects (14)
Scrolls
 j - 2 scrolls of teleportation {unknown}
 m - a scroll of remove curse {unknown}
 t - a scroll of identify {unknown}
Potions
 e - a potion of brilliance {unknown}
 f - 2 potions of attraction
 h - 2 potions of haste
 i - 2 potions of curing
 k - a potion of degeneration
 n - a potion of cancellation {unknown}
 o - a potion of heal wounds {unknown}
 r - a potion of ambrosia {unknown}
 u - a potion of invisibility {unknown}


   Skills:
 + Level 1.3 Fighting
 + Level 2.3 Maces & Flails
 + Level 2.3 Dodging
 + Level 3.7 Stealth
 + Level 3.6 Spellcasting
 + Level 0.3 Conjurations
 + Level 0.7 Transmutations
 + Level 5.7 Earth Magic


You had 8 spell levels left.
You knew the following spells:

 Your Spells              Type           Power        Failure   Level
a - Sandblast             Erth           42%          1%          1
b - Stone Arrow           Conj/Erth      24%          16%         3

Your spell library contained the following spells:

 Spells                   Type           Power        Failure   Level
 Passwall                 Tmut/Erth      10%          7%          2
 Petrify                  Tmut/Erth      13%          43%         4
 Lee's Rapid Deconstruct  Erth           10%          43%         5


Dungeon Overview and Level Annotations

Branches:
Dungeon (3/15)

Altars:
Elyvilon
Fedhas
Okawaru
Yredelemnul

Annotations:
D:2 Robin


Innate Abilities, Weirdness & Mutations

You are resistant to torment.
Your stone body is resilient. (AC +4)
You are immune to poison.
You resist negative energy. (rN+)
You are resistant to electric shocks. (rElec)
You can survive without breathing.
You are immune to petrification.
You are immune to miasma.


Message History

The orc wizard hits you with a +0 dagger.
The orc wizard completely misses you.
You hit the orc wizard.
The orc wizard is severely wounded.
The orc wizard casts a spell at you. The magic dart hits you!
* * * LOW HITPOINT WARNING * * *
The orc wizard hits you but does no damage.
You closely miss the orc wizard.
The orc wizard is severely wounded.
The orc wizard closely misses you.
The orc wizard casts a spell at itself.
The orc wizard flickers and vanishes!
Deactivating autopickup; reactivate with Ctrl-A.
You closely miss something.
Something hits you but does no damage. x2
You barely miss something. Something hits you but does no damage.
You hear some strange, mumbled words.
A puff of frost appears from out of thin air!
The puff of frost hits you!
You die...

#.....#...........# #
#.....#...........# #
#.....#...........# #
#.....#...........# #
#.....#...).......######
#.)...#o............†...
#.....#oo...........†...
###.###{#########.......
#.# #@# #....... #.# #.#
#....... #.###.#
#....... #.....#
#....... #######
#....... .... .... ....
....


You could see 3 orcs.

Vanquished Creatures
  Sigmund (D:2)
  An ogre (D:3)
  Jessica (D:2)
  6 adders
  An ooze (D:1)
  2 worms (D:2)
  4 dart slugs
  2 leopard geckos
  2 orcs (D:3)
  A ball python (D:1)
  A giant cockroach (D:3)
  2 gnoll zombies (D:3)
  14 goblins
  8 hobgoblins
  11 kobolds
  A quokka (D:2)
  6 bats
  2 frilled lizards
  9 rats
75 creatures vanquished.

Vanquished Creatures (others)
  A bush (D:2)
  3 plants (D:2)
4 creatures vanquished.

Grand Total: 79 creatures vanquished

Notes
Turn   | Place    | Note
-------+----------+-------------------------------------------
     0 | D:1      | Almogavar the Gargoyle Earth Elementalist began the quest
                  | for the Orb.
     0 | D:1      | Reached XP level 1. HP: 10/10 MP: 3/3
    54 | D:1      | Reached XP level 2. HP: 3/15 MP: 0/5
   316 | D:1      | Reached skill level 4 in Earth Magic
   700 | D:1      | Reached XP level 3. HP: 19/19 MP: 4/6
  1273 | D:2      | Noticed Robin
  1289 | D:2      | Noticed Sigmund
  1673 | D:2      | Killed Sigmund
  1674 | D:2      | Reached skill level 1 in Maces & Flails
  1674 | D:2      | Reached skill level 5 in Earth Magic
  1674 | D:2      | Reached XP level 4. HP: 3/24 MP: 2/9
  1674 | D:2      | Reached XP level 5. HP: 4/28 MP: 2/10
  1980 | D:2      | Noticed Jessica
  1983 | D:2      | Reached XP level 6. HP: 30/33 MP: 11/11
  1998 | D:2      | Killed Jessica
  1999 | D:2      | Reached skill level 1 in Fighting
  2330 | D:2      | Learned a level 3 spell: Stone Arrow
  2523 | D:2      | Found a blossoming altar of Fedhas.
  3040 | D:3      | Found a white marble altar of Elyvilon.
  3369 | D:3      | Found an iron altar of Okawaru.
  3754 | D:3      | Found a basalt altar of Yredelemnul.
  3794 | D:3      | Killed from afar by an orc wizard

Illustrated notes

Levels and vault maps discovered:
D:1:      dpeg_arrival_round_c, layout_rooms, minmay_tetromino_l4
D:2:      layout_rooms, fedhas_ov_isle_minmay, serial_corexii_hall,
          corexii_hall_statues_l, chequers_hall_statues_wall_a, uniq_sigmund,
          uniq_robin, uniq_jessica
D:3:      layout_basic, lemuel_doored_altar, elyvilon_altar_5,
          lemuel_zombie_altar_yredelemnul, kennysheep_generic_room_12

Skill      XL: |  1  2  3  4  5  6 |
---------------+-------------------+-----
Earth Magic    | 4 5 |  5.7
Maces & Flails | 1 2 |  2.3
Dodging        | 2 |  2.3
Stealth        | 3 |  3.7
Spellcasting   | 3 |  3.6
Fighting       | 1 |  1.3
Conjurations   | |  0.3
Transmutations | |  0.7

Action                   |  1- 3 |  4- 6 || total
-------------------------+-------+-------++-------
Melee: Dagger            |    34 |       ||    34
       Mace              |    11 |   154 ||   165
 Cast: Sandblast         |    31 |     3 ||    34
       Stone Arrow       |       |    11 ||    11
  Use: Potion            |     5 |       ||     5
 Stab: Sleeping          |     3 |     5 ||     8
Armor: Robe              |    23 |    64 ||    87
Dodge: Dodged            |    30 |   135 ||   165
